 Dungeon Crawl Stone Soup version 0.29-a0-80-g3050e97935 (webtiles) character file.

Game seed: 8712514908275718207

20 Gargoyl the Skirmisher (level 2, -2/20 HPs)
             Began as a Gargoyle Abyssal Knight on Feb 4, 2022.
             Was a Follower of Lugonu.
             Slain by an orc (4 damage)
             ... on level 3 of the Dungeon.
             The game lasted 00:01:29 (1598 turns).

Gargoyl the Skirmisher (Gargoyle Abyssal Knight)    Turns: 1598, Time: 00:01:30

Health: -2/20      AC:  6    Str: 16    XL:     2   Next: 79%
Magic:  3/3        EV: 11    Int: 10    God:    Lugonu [*.....]
Gold:   30         SH:  0    Dex: 10    Spells: 1/1 levels left

rFire   . . .      SeeInvis .   a - +1 hand axe
rCold   . . .      Faith    .   (no shield)
rNeg    + . .      Spirit   .   b - +0 leather armour
rPois   ∞          Reflect  .   (no helmet)
rElec   +          Harm     .   (no cloak)
rCorr   .          Rampage  .   (no gloves)
Will    .....                   (no boots)
Stlth   ..........              (no amulet)
HPRegen 0.06/turn               (no ring)
MPRegen 0.08/turn               (no ring)

@: confused
A: sickness immunity, AC +2, negative energy resistance 1, electricity
resistance, torment resistance 1, petrification resistance
a: Renounce Religion, Depart the Abyss


You were on level 3 of the Dungeon.
You worshipped Lugonu.
Lugonu was aware of your devotion.
You visited 1 branch of the dungeon, and saw 3 of its levels.
You visited the Abyss 1 time.

You collected 30 gold pieces.

Inventory:

Hand Weapons
 a - a +1 hand axe (weapon)
Armour
 b - a +0 leather armour (worn)
Potions
 e - a potion of degeneration {unknown}


   Skills:
 + Level 3.8 Fighting
 + Level 2.1 Axes
 + Level 2.3 Armour
 + Level 0.7 Dodging
 + Level 2.1 Invocations


You had one spell level left.
You didn't know any spells.
Your spell library was empty.

Dungeon Overview and Level Annotations

Branches:
Dungeon (3/15)

Altars:

Annotations:
D:2 Sigmund, Terence


Innate Abilities, Weirdness & Mutations

You are immune to sickness and miasma.
Your stone body is resilient. (AC +2)
You are immune to poison.
You resist negative energy. (rN+)
You are resistant to electric shocks. (rElec)
You are resistant to unholy torment.
You are immune to petrification.


Message History

You are confused.
You hit the ball python.
You kill the ball python!
Lugonu accepts your kill.
A ball python comes into view.
Found 21 stones.
Found a stone staircase leading down.
The ball python hisses angrily.
You bump into the rock wall.
Unknown command.
You hit the orc but do no damage.
A bat comes into view.
You feel less confused. The orc hits you with a +0 flail.
The orc wizard closely misses you.
Unknown command.
Unknown command.
Unknown command.
You hit the orc.
The orc is almost dead.
You hit the orc but do no damage. You barely miss the orc wizard.
The orc hits you with a +0 flail. The orc hits you but does no damage.
The orc wizard mumbles some strange words.
The orc wizard flickers and vanishes!
Deactivating autopickup; reactivate with Ctrl-A.
You hit the orc.
You kill the orc!
Lugonu accepts your kill.
You hit the orc but do no damage. You hit something but do no damage.
The orc hits you with a +0 flail.
You hear some strange, mumbled words.
You are confused.
The dart slug briefly extends its eye-stalks.
The orc hits you with a +0 flail.
* * * LOW HITPOINT WARNING * * *
You slash something! You barely miss the orc. You hit the orc.
The orc barely misses you. Something hits you.
* * * LOW HITPOINT WARNING * * *
The orc closely misses you.
Unknown command.
You bump into the rock wall.
The orc hits you with a +0 flail.
You die...

.#>#..(...
...!.......
..........#
......^...
..........
#bS.......
####{#...o...
#<.@o#...[...
#.#.oo†......
#.....###..###.
####### ..# .#
.. .. #


You could see an orc wizard, 2 orcs, a bat and a ball python.

Vanquished Creatures
  A dart slug (D:1)
  An orc (D:3)
  An endoplasm (D:1)
  A goblin (D:1)
  3 hobgoblins (D:1)
  3 jackals (D:1)
  2 ball pythons
  A bat (D:2)
  A kobold (D:1)
  2 rats (D:1)
16 creatures vanquished.

Notes
Turn   | Place    | Note
-------+----------+-------------------------------------------
     0 | Abyss:1  | Gargoyl the Gargoyle Abyssal Knight began the quest for the
                  | Orb.
     0 | Abyss:1  | Reached XP level 1. HP: 14/14 MP: 2/2
   110 | Abyss:2  | Noticed a large abomination
   140 | Abyss:3  | Noticed a vampire bat
   141 | D:1      | Escaped the Abyss
   286 | D:1      | Reached * piety under Lugonu
   322 | D:1      | Reached XP level 2. HP: 19/19 MP: 3/3
   858 | D:1      | Found a faded altar of an unknown god.
  1052 | D:2      | Noticed Sigmund
  1354 | D:2      | Noticed Terence
  1598 | D:3      | Slain by an orc

Illustrated notes

Levels and vault maps discovered:
D:1:      saegor_arrival_simple_c, layout_basic,
          shapermc_ecumenical_altar_mp_vishouse
D:2:      layout_loops_cross, uniq_terence, uniq_sigmund,
          uniq_crazy_yiuf_cottage
D:3:      layout_rooms, st_stairs_9

Skill      XL: |  1 |
---------------+----+-----
Axes           | 2 |  2.1
Fighting       | |  3.8
Armour         | |  2.3
Dodging        | |  0.7
Invocations    | |  2.1

Action                   || total
-------------------------++-------
Melee: Hand axe          ||    36
       Punch             ||     1
Throw: Dart              ||     4
Invok: Depart the Abyss  ||     1
  Use: Scroll            ||     1
Armor: Leather armour    ||    17
Dodge: Dodged            ||    35

Table legend: (Time is in decaauts)
 A = Elapsed time spent in this place.
 B = Non-inter-level travel time spent in this place.
 C = Inter-level travel time spent in this place.
 D = Time resting spent in this place.
 E = Time spent auto-exploring this place.
 F = Levels seen in this place.
 G = Mean time per level.
                   A        B        C        D        E       F      G
               +--------+--------+--------+--------+--------+-----+--------+
         Total |   1606 |   1529 |     77 |    355 |    958 |   6 |  267.7 |
       Dungeon |   1466 |   1389 |     77 |    355 |    835 |   3 |  488.7 |
         Abyss |    140 |    140 |      0 |      0 |    123 |   3 |   46.7 |
               +--------+--------+--------+--------+--------+-----+--------+

Top non-repeatable levels by time:
     D:1: 1345 daAuts
     D:2: 107 daAuts
 Abyss:1: 72 daAuts
 Abyss:2: 45 daAuts
 Abyss:3: 22 daAuts
     D:3: 13 daAuts
